 Dungeon Crawl Stone Soup version 0.17-a0-1954-g0dddeaa (webtiles) character file.

155 Ricardo333 the Cudgeler (level 5, -6/55 HPs)
             Began as an Ogre Berserker on Oct 4, 2015.
             Was an Initiate of Vehumet.
             Mangled by Duvessa
             ... wielding a +0 rapier
              (10 damage)
             ... on level 4 of the Dungeon.
             The game lasted 00:18:02 (4600 turns).

Ricardo333 the Cudgeler (Ogre Berserker)            Turns: 4600, Time: 00:18:02

Health: -6/55      AC:  3    Str: 23    XL:     5   Next: 37%
Magic:  5/5        EV: 11    Int:  6    God:    Vehumet [......]
Gold:   121        SH:  0    Dex: 11    Spells: 0 memorised, 4 levels left

rFire  . . .     SeeInvis .     g - +0 morningstar (distort)
rCold  . . .     Clarity  .     f - +0 robe
rNeg   . . .     SustAt   .     (no shield)
rPois  .         Gourm    .     (helmet restricted)
rElec  .         Spirit   .     (no cloak)
rCorr  .         Warding  .     (gloves unavailable)
rMut   .         Rnd*Tele +     (boots unavailable)
MR     .....                    (no amulet)
Stlth  +.........               j - +2 ring of dexterity
                                h - ring of teleportation (curse)

@: lethally poisoned (-6 -> -7), not resistant to hostile enchantments, very
unstealthy
A: unfitting armour, tough skin 1
a: Renounce Religion, Evoke Teleportation


You were on level 4 of the Dungeon.
You worshipped Vehumet.
Vehumet was noncommittal.
You were not hungry.

You visited 1 branch of the dungeon, and saw 4 of its levels.

You collected 121 gold pieces.

Inventory:

Hand weapons
 a - a +0 mace
 d - a +0 flail
 e - a +0 mace
 g - a +0 morningstar of distortion (weapon)
 l - a +0 whip
 v - a +0 spear
Armour
 f - a +0 robe (worn)
Jewellery
 h - a cursed ring of teleportation (left hand)
 j - a +2 ring of dexterity (right hand)
 n - an uncursed ring of ice (quivered) {unknown}
 s - an uncursed ring of ice {unknown}
 D - an uncursed ring of protection from magic {unknown}
Magical devices
 A - a wand of frost (24)
Scrolls
 b - a scroll of remove curse {unknown}
 k - 2 scrolls of random uselessness {unknown}
 o - 2 scrolls of noise {unknown}
 p - 2 scrolls of enchant weapon {unknown}
 u - 2 scrolls of identify {unknown}
 y - a scroll of blinking {unknown}
 B - a scroll of teleportation {unknown}
Potions
 c - a potion of agility {unknown}
 i - a potion of might {unknown}
 m - 2 potions of lignification {unknown}
 q - a potion of ambrosia {unknown}
 r - 3 potions of curing {unknown}
 t - a potion of resistance {unknown}
 x - a potion of brilliance {unknown}
 z - 2 potions of flight {unknown}
Comestibles
 w - a royal jelly
 C - a meat ration


   Skills:
 + Level 4.9 Fighting
 + Level 5.3 Maces & Flails
 + Level 4.1 Dodging
 + Level 0.6 Stealth


You had 4 spell levels left.
You didn't know any spells.

Dungeon Overview and Level Annotations

Branches:
Dungeon (4/15)
 Temple: D:4-7

Altars:
Cheibriados
Sif Muna
Vehumet

Annotations:
D:4 Dowan, Duvessa


Innate Abilities, Weirdness & Mutations

You are too large for most types of armour.
You have tough skin (AC +1).


Message History

Space warps horribly around the orc wizard!
The orc wizard is almost dead.
Duvessa barely misses you. The ooze hits you. The orc closely misses you.
You thump the orc!
You kill the orc!
Vehumet accepts your kill.
The orc wizard hits you with a dagger of protection.
Duvessa hits you with a rapier! The ooze hits you. The orc barely misses you.
The orc wizard hits you but does no damage.
You closely miss the orc.
You feel sick.
Duvessa yells, "You can run, but you cannot escape us forever!"
Duvessa hits you with a rapier!
* * * LOW HITPOINT WARNING * * *
The ooze closely misses you.
The orc wizard mumbles some strange words.
The orc wizard blinks!
The orc completely misses you. The orc barely misses you. The ooze hits you.
* * * LOW HITPOINT WARNING * * *
Duvessa hits you with a rapier!
You die...

#.# #.# #.# #.# #.# #.#
#### #<##########
...##########.Je§o......
##.J......eJo.JJ@o.....#
######################.


You could see Duvessa, Dowan, a jelly, an orc wizard, 3 oozes and 2 orcs.

Vanquished Creatures
  A worker ant (D:3)
  6 adders
  A gnoll (D:1)
  2 oozes
  2 worms
  3 giant geckos (D:1)
  2 orcs
  6 bats
  3 giant cockroaches (D:2)
  2 goblins
  6 hobgoblins
  5 jackals
  7 ball pythons
  A giant gecko skeleton (D:4)
  3 giant newts
  4 kobolds
  3 rats
57 creatures vanquished.

Vanquished Creatures (others)
  A bat (D:3)
1 creature vanquished.

Grand Total: 58 creatures vanquished

Notes
Turn   | Place    | Note
--------------------------------------------------------------
     0 | D:1      | Ricardo333 the Ogre Berserker began the quest for the Orb.
     0 | D:1      | Reached XP level 1. HP: 24/24 MP: 1/1
    30 | D:1      | Reached XP level 2. HP: 4/32 MP: 2/2
  1775 | D:1      | Acquired Trog's first power
  1779 | D:1      | Reached XP level 3. HP: 32/40 MP: 3/3
  2643 | D:2      | Found a deep blue altar of Sif Muna.
  3260 | D:2      | Reached XP level 4. HP: 49/49 MP: 4/4
  3784 | D:3      | Found a snail-covered altar of Cheibriados.
  3897 | D:3      | Acquired Trog's second power
  4021 | D:3      | Found a radiant altar of Vehumet.
  4026 | D:3      | Reached skill level 5 in Maces & Flails
  4116 | D:3      | Fell from the grace of Trog
  4119 | D:3      | Became a worshipper of Vehumet
  4158 | D:3      | Reached XP level 5. HP: 55/55 MP: 5/5
  4560 | D:4      | Noticed Duvessa
  4560 | D:4      | Noticed Dowan
  4600 | D:4      | Mangled by Duvessa

Vault maps used:
D:1:      minmay_arrival_cross
D:2:      old_standard_altar, st_stairs_14, solitary_fountain,
          minmay_snake_closets
D:3:      overflow_temple_1_default, vehumet_altar_wand_db
D:4:      okawaru_trees_1, serial_shops, shop, jiyva_altar_1, uniq_edmund,
          uniq_duvessa

Action                   |  1- 3 |  4- 6 || total
-------------------------+-------+-------++-------
Melee: Mace              |     6 |       ||     6
       Flail             |    64 |       ||    64
       Morningstar       |     9 |    58 ||    67
Invok: Berserk           |     1 |       ||     1
       Renounce Religion |       |     1 ||     1
 Stab: Sleeping          |       |     1 ||     1
  Eat: Bread ration      |     1 |       ||     1
       Chunk             |     2 |       ||     2
       Pizza             |     1 |       ||     1
       Meat ration       |       |     1 ||     1
